Map: Catalyst LE

Players

LiquidSnute (Snute)

  • Race: Zerg Zerg
  • League: Grandmaster
  • Spawn Location: 5:00

liquidthermy (uThermal) - Winner!

  • Race: Protoss Protoss
  • League: Grandmaster
  • Spawn Location: 11:00

Event: HomeStory Cup XVII

VOD

Have the link to the VOD?

Description

Time

  • Played on: June 29, 2018, 1:26 p.m.
  • Length: 6:36

All games in this series

Show
View Real Time Build Order
Export as new Build Order

LiquidSnute Zerg 

Build Orders: Pool First, Ravager All-In 

Get SALT Encoding   

  12  0:00  Drone  
  13  0:12  Overlord  
  13  0:16  Drone  
  14  0:30  Drone x2  
  14  0:34  Drone  
  17  0:44  Spawning Pool  
  17  0:47  Drone  
  17  1:08  Hatchery  
  16  1:21  Overlord  
  16  1:31  Zergling x4  
  18  1:33  Zergling x2  
  18  1:38  Spine Crawler  
  18  1:43  Zergling x2  
  19  2:04  Queen, Drone  
  19  2:05  Drone  
  19  2:07  Extractor  
  22  2:13  Hatchery  
  20  2:20  Drone  
  21  2:30  Drone  
  21  2:36  Drone  
  23  2:40  Extractor  
  23  2:41  Roach Warren  
  21  2:48  Drone  
  21  2:58  Overlord  
  21  3:21  Roach x4  
  21  3:25  Drone  
  30  3:33  Drone  
  32  3:41  Ravager  
  32  3:42  Ravager  
  32  3:43  Drone x2  
  32  3:44  Drone  
  36  3:50  Ravager  
  37  4:00  Drone  
  37  4:01  Drone x2  
  37  4:02  Drone  
  41  4:06  Ravager  
  42  4:18  Overlord, Drone x2  
  41  4:30  Roach  
  43  4:36  Roach  
  43  4:37  Roach  
  44  4:42  Roach  
  44  4:43  Metabolic Boost  
  43  4:49  Queen  
  45  4:56  Ravager  
  45  4:58  Roach  
  45  5:02  Ravager  
  46  5:09  Spine Crawler  
  46  5:12  Zergling x4  
  47  5:14  Spine Crawler  
  47  5:17  Ravager  
  47  5:19  Zergling x6  
  47  5:23  Zergling x4  
  47  5:25  Ravager  
  47  5:27  Zergling x4  
  50  5:33  Ravager  
  50  5:34  Roach  
  50  5:40  Zergling x2  
  50  5:45  Roach  
  47  5:52  Zergling x2  
  44  6:00  Zergling x6  
  42  6:04  Ravager  
  42  6:08  Zergling x2  
  37  6:13  Roach  
  37  6:16  Zergling x4  
Show
View Real Time Build Order
Export as new Build Order

liquidthermy Protoss - Winner!

Build Orders: Cannon Rush 

Get SALT Encoding   

  12  0:01  Probe  
  13  0:13  Probe  
  14  0:18  Pylon  
  14  0:22  Probe  
  15  0:32  Probe  
  15  0:38  Forge  
  16  0:43  Probe  
  17  0:55  Probe  
  18  1:08  Pylon  
  18  1:13  Pylon  
  18  1:14  Pylon  
  18  1:26  Photon Cannon  
  18  1:30  Pylon  
  18  1:31  Pylon x2  
  18  1:43  Photon Cannon  
  18  1:52  Photon Cannon  
  18  2:04  Photon Cannon  
  18  2:06  Gateway  
  18  2:13  Photon Cannon  
  18  2:22  Photon Cannon  
  18  2:26  Gateway  
  18  2:31  Assimilator  
  18  2:33  Probe  
  19  2:42  Assimilator  
  19  2:45  Probe  
  20  2:53  Cybernetics Core  
  20  2:54  Probe  
  21  3:04  Photon Cannon  
  21  3:13  Probe  
  21  3:15  Gateway  
  21  3:19  Stalker  
  22  3:25  Probe  
  25  3:34  Shield Battery  
  25  3:38  Probe  
  26  3:42  Stalker, Shield Battery  
  28  3:58  Pylon  
  28  4:07  Stalker  
  28  4:11  Stalker  
  29  4:27  Shield Battery  
  29  4:37  Stalker  
  31  4:44  Stalker  
  33  4:46  Shield Battery  
  33  5:03  Shield Battery  
  33  5:07  Stalker  
  35  5:11  Stalker, Shield Battery  
  37  5:34  Stalker  
  37  5:36  Stalker  
  41  5:47  Pylon  
  41  6:04  Stalker  
  45  6:17  Shield Battery  
  45  6:19  Shield Battery  
Tags
 
Add a new tag
Caveats
  • Supply blocks, unpowered buildings, or Contaminate may cause inaccurate times.
  • Supply counts are checked every 10 seconds.